Map: Odyssey LE

Players

Zest

  • Race: Protoss Protoss
  • League: Master
  • Spawn Location: 11:00

Solar - Winner!

  • Race: Zerg Zerg
  • Spawn Location: 5:00

Event: HomeStory Cup XVI

VOD

Have the link to the VOD?

Description

Time

  • Played on: Nov. 11, 2017, 3:10 p.m.
  • Length: 11:03

All games in this series

Show
View Real Time Build Order
Export as new Build Order

Zest Protoss 

Build Orders: 1 Gate Expand, Oracle Opening, Phoenix Opening, Archon Immortal, Zealot Archon, Archon Drop 

Get SALT Encoding   

  12  0:02  Probe (Chrono Boost)  
  14  0:14  Probe (Chrono Boost)  
  14  0:18  Pylon  
  14  0:25  Probe (Chrono Boost)  
  15  0:31  Probe (Chrono Boost)  
  15  0:41  Probe (Chrono Boost)  
  17  0:43  Gateway  
  17  0:52  Assimilator  
  17  0:53  Probe (Chrono Boost)  
  19  1:05  Probe (Chrono Boost)  
  19  1:17  Probe (Chrono Boost)  
  20  1:25  Nexus  
  20  1:36  Cybernetics Core  
  20  1:41  Probe (Chrono Boost)  
  20  1:45  Assimilator  
  21  1:54  Probe (Chrono Boost), Pylon  
  22  2:02  Adept  
  22  2:06  Probe (Chrono Boost)  
  25  2:18  Probe (Chrono Boost), Stargate  
  25  2:19  Adept  
  26  2:26  Warp Gate  
  27  2:30  Probe (Chrono Boost)  
  29  2:38  Stalker  
  29  2:40  Probe (Chrono Boost)  
  29  2:42  Probe (Chrono Boost)  
  34  2:52  Probe (Chrono Boost)  
  34  2:54  Probe (Chrono Boost)  
  35  3:02  Phoenix  
  35  3:04  Probe (Chrono Boost)  
  39  3:07  Probe (Chrono Boost)  
  39  3:16  Probe (Chrono Boost)  
  39  3:19  Probe (Chrono Boost)  
  42  3:28  Probe (Chrono Boost)  
  42  3:29  Pylon  
  42  3:31  Probe (Chrono Boost)  
  43  3:36  Gateway  
  43  3:37  Gateway  
  43  3:38  Oracle  
  46  3:43  Probe x2 (Chrono Boost)  
  48  3:54  Probe (Chrono Boost)  
  48  3:55  Probe (Chrono Boost)  
  50  3:57  Robotics Facility  
  50  3:59  Assimilator  
  50  4:01  Assimilator  
  50  4:07  Probe x2 (Chrono Boost)  
  50  4:08  Twilight Council  
  50  4:09  Pylon  
  52  4:16  Pylon  
  52  4:22  Gateway, Probe x2 (Chrono Boost)  
  54  4:34  Probe x2 (Chrono Boost)  
  54  4:35  Warp Prism  
  56  4:38  Nexus  
  58  4:53  Templar Archives  
  58  4:57  Pylon  
  58  5:06  Probe x2 (Chrono Boost)  
  60  5:07  Forge  
  60  5:18  Probe (Chrono Boost)  
  60  5:19  Observer, Probe (Chrono Boost)  
  63  5:31  Probe x2 (Chrono Boost)  
  65  5:37  Warp Prism  
  65  5:39  High Templar x4  
  77  5:43  Protoss Ground Weapons Level 1  
  77  5:44  Probe x2 (Chrono Boost)  
  77  5:50  Archon  
  77  5:51  Archon  
  77  5:55  Probe (Chrono Boost)  
  77  5:56  Probe x2 (Chrono Boost)  
  80  5:57  Pylon  
  80  6:01  Assimilator  
  80  6:03  Gateway  
  80  6:04  Gateway  
  80  6:07  Probe (Chrono Boost)  
  80  6:08  Probe x2 (Chrono Boost)  
  77  6:18  Zealot x4  
  77  6:20  Probe (Chrono Boost)  
  77  6:24  Pylon  
  85  6:30  Pylon  
  84  6:33  Immortal  
  84  6:34  Pylon  
  84  6:37  Nexus  
  75  6:42  Pylon  
  75  6:44  Probe (Chrono Boost)  
  75  6:46  Probe (Chrono Boost)  
  81  6:56  Probe (Chrono Boost)  
  81  6:59  Sentry  
  81  7:00  Sentry x2  
  81  7:01  Sentry x3  
  92  7:03  Void Ray  
  93  7:11  Gateway  
  93  7:12  Gateway  
  93  7:13  Immortal  
  96  7:25  Sentry  
  96  7:26  Pylon  
  102  7:53  Zealot x4  
  102  7:54  Zealot x2  
  114  8:00  Immortal  
  85  8:13  Probe (Chrono Boost)  
  85  8:17  Stalker x6  
  85  8:29  Probe (Chrono Boost)  
  86  8:38  Pylon  
  86  8:39  Pylon  
  86  8:43  Probe (Chrono Boost)  
  86  8:46  Sentry x2  
  86  8:48  Sentry  
  85  8:49  Immortal  
  81  9:03  Nexus  
  81  9:06  Sentry x2  
  85  9:21  Zealot x4  
  93  9:24  Immortal  
  95  9:57  Probe (Chrono Boost)  
  95  9:58  Probe (Chrono Boost)  
  95  9:59  Pylon  
  97  10:10  Probe (Chrono Boost)  
  97  10:13  Zealot  
  100  10:18  Zealot x5  
  91  10:44  Zealot x6  
Show
View Real Time Build Order
Export as new Build Order

Solar Zerg - Winner!

Build Orders: Hatch First 

Get SALT Encoding   

  12  0:00  Drone  
  13  0:12  Overlord  
  13  0:16  Drone  
  14  0:31  Drone x2  
  14  0:34  Drone  
  17  0:50  Hatchery  
  17  0:54  Drone  
  17  0:57  Drone  
  17  1:02  Extractor  
  17  1:13  Spawning Pool  
  17  1:16  Drone  
  17  1:21  Drone  
  18  1:28  Drone  
  19  1:38  Drone  
  20  1:49  Overlord  
  20  1:59  Queen  
  22  2:03  Queen  
  22  2:04  Drone, Zergling x2  
  22  2:08  Metabolic Boost  
  26  2:11  Drone  
  26  2:14  Drone  
  28  2:22  Drone  
  29  2:36  Hatchery  
  28  2:38  Drone  
  28  2:42  Zergling x2  
  30  2:45  Pneumatized Carapace  
  30  2:48  Zergling x2  
  31  2:52  Drone  
  31  2:54  Zergling x2  
  31  2:57  Overlord  
  33  3:00  Drone  
  33  3:04  Drone  
  35  3:11  Zergling x2  
  36  3:16  Drone x2  
  36  3:18  Queen, Drone  
  40  3:24  Spore Crawler, Drone  
  40  3:28  Drone  
  40  3:29  Overlord  
  41  3:36  Spore Crawler  
  41  3:39  Drone x2  
  42  3:44  Evolution Chamber, Overlord  
  42  3:47  Drone  
  42  3:49  Drone  
  42  3:51  Drone  
  42  3:53  Drone  
  45  3:55  Zergling x4  
  45  4:01  Queen  
  49  4:03  Drone  
  49  4:08  Queen  
  52  4:10  Overlord  
  51  4:17  Drone  
  51  4:20  Overlord  
  51  4:22  Drone  
  51  4:23  Drone x4  
  57  4:28  Zerg Melee Weapons Level 1  
  57  4:34  Drone  
  57  4:35  Drone  
  57  4:36  Drone x2  
  57  4:37  Drone x3  
  64  4:40  Extractor, Overlord  
  64  4:44  Drone x2  
  65  4:47  Overlord  
  66  4:52  Drone  
  66  4:53  Overlord  
  66  4:55  Overlord  
  66  4:59  Roach Warren  
  65  5:00  Drone x2  
  65  5:03  Drone x3  
  65  5:05  Drone  
  65  5:06  Drone  
  72  5:12  Lair  
  72  5:13  Drone  
  73  5:15  Extractor x2  
  73  5:16  Zergling x6  
  73  5:17  Zergling x2  
  73  5:19  Zergling x2  
  73  5:20  Zergling x2  
  73  5:21  Zergling x2  
  77  5:23  Zergling x2  
  77  5:28  Spine Crawler, Zergling x4  
  80  5:32  Overlord  
  79  5:39  Roach x5  
  89  5:44  Roach  
  89  5:49  Roach x3  
  96  5:50  Roach  
  96  5:51  Overlord  
  96  5:53  Roach  
  96  5:55  Roach  
  96  5:56  Zergling x4  
  103  6:00  Drone  
  103  6:06  Roach  
  103  6:07  Zergling x2  
  103  6:09  Overlord  
  103  6:11  Overlord  
  104  6:12  Overlord  
  104  6:15  Overlord  
  104  6:17  Glial Reconstitution  
  102  6:20  Roach x2  
  102  6:21  Overlord  
  102  6:22  Overlord  
  102  6:24  Roach  
  102  6:25  Roach x2  
  112  6:26  Roach  
  112  6:28  Roach  
  112  6:32  Roach  
  120  6:33  Roach  
  120  6:36  Roach x2  
  120  6:37  Roach  
  120  6:39  Roach  
  123  6:42  Roach x2  
  123  6:46  Overlord  
  125  6:50  Roach x2  
  125  6:54  Zergling x6  
  129  6:56  Ravager  
  129  7:00  Roach x3  
  137  7:09  Roach x2  
  137  7:12  Overlord  
  137  7:14  Roach x5  
  137  7:15  Zergling x2  
  151  7:21  Ravager  
  151  7:22  Zergling x4  
  153  7:23  Zergling x2  
  153  7:24  Zergling x6  
  156  7:33  Ravager  
  156  7:34  Ravager  
  156  7:36  Roach x2  
  159  7:39  Zergling x2  
  159  7:41  Ravager  
  159  7:42  Zergling x2  
  159  7:43  Zergling x4  
  161  7:49  Ravager  
  161  7:52  Zergling x8  
  161  7:55  Roach x2  
  161  7:56  Roach x4  
  171  8:00  Roach  
  171  8:05  Roach  
  150  8:08  Ravager  
  150  8:11  Zergling x4  
  140  8:17  Roach  
  140  8:18  Roach x2  
  139  8:20  Roach  
  139  8:21  Roach  
  139  8:22  Roach  
  139  8:25  Extractor, Zergling x2  
  139  8:26  Zergling x2  
  139  8:27  Zergling x2  
  139  8:29  Overlord  
  139  8:33  Roach, Ravager  
  139  8:38  Roach  
  141  8:44  Ravager  
  141  8:45  Zergling x4  
  137  8:52  Zergling x4  
  127  8:56  Roach x4  
  127  8:58  Zergling x12  
  127  9:00  Hatchery  
  121  9:07  Zerg Missile Weapons Level 1, Roach x2  
  124  9:11  Roach x2  
  124  9:17  Roach  
  129  9:21  Roach x2  
  129  9:24  Roach x6  
  143  9:25  Overlord, Zergling x6  
  143  9:29  Zergling x2  
  149  9:34  Ravager, Zergling x2  
  149  9:35  Zergling x2  
  152  9:40  Overlord  
  152  9:44  Zergling x4  
  155  9:53  Zergling x16  
  155  9:54  Hatchery  
  155  9:56  Zergling x4  
  164  10:01  Ravager x5  
  164  10:05  Zergling x6  
  168  10:08  Overlord  
  168  10:10  Overlord  
  168  10:17  Roach  
  168  10:20  Roach x2  
  170  10:22  Roach x3  
  170  10:23  Ravager  
  170  10:24  Overlord, Zergling x4  
  170  10:26  Roach x2  
  170  10:27  Overseer  
  177  10:42  Roach x3  
  161  10:44  Roach x2  
Tags
 
Add a new tag
Caveats
  • Supply blocks, unpowered buildings, or Contaminate may cause inaccurate times.
  • Supply counts are checked every 10 seconds.